 Dungeon Crawl Stone Soup version 0.25.0-11-g1f837a76a1 (console) character file.

Game seed: 8251414684346329288

644 bli the Insei (level 7, -8/56 HPs)
             Began as a Grey Draconian Transmuter on June 27, 2020.
             Was a Believer of Okawaru.
             Mangled by an orc warrior
             ... wielding a +0 long sword
              (17 damage)
             ... on level 5 of the Dungeon.
             The game lasted 00:16:27 (4754 turns).

bli the Insei (Grey Draconian Transmuter)           Turns: 4754, Time: 00:16:27

Health: -8/56      AC: 15    Str: 19    XL:     7   Next: 26%
Magic:  0/12       EV: 12    Int: 13    God:    Okawaru [**....]
Gold:   234        SH:  0    Dex:  9    Spells: 3/13 levels left

rFire    + . .     SeeInvis .     - Unarmed
rCold    + . .     Gourm    .   (no shield)
rNeg     . . .     Faith    .   (armour unavailable)
rPois    .         Spirit   .   v - +0 hat
rElec    .         Reflect  .   (no cloak)
rCorr    .         Harm     .   (no gloves)
MR       +....                  (no boots)
Stlth    +.........             (no amulet)
HPRegen  0.18/turn              u - +4 ring of protection
MPRegen  0.13/turn              y - ring of the Four Planets {rF+ rC+ MR+ Str+7 Dex-5}

@: appendage, very slightly contaminated
A: walk through water, unfitting armour, horns 2, unbreathing, cold-blooded, AC
+11
a: End Transformation, Heroism, Renounce Religion


You were on level 5 of the Dungeon.
You worshipped Okawaru.
Okawaru was pleased with you.
You were hungry.
You had grown temporary horns.
You visited 1 branch of the dungeon, and saw 5 of its levels.
You also visited: Sewer.

You collected 234 gold pieces.

Inventory:

Hand Weapons
 d - a +2 vorpal falchion
Missiles
 a - 40 arrows
 h - 20 poisoned darts (quivered)
 i - 221 stones
 s - 6 atropa-tipped darts
Armour
 q - +0 fire dragon scales
 v - a +0 hat (worn)
Jewellery
 u - a +4 ring of protection (left hand)
 x - an uncursed ring of resist corrosion
 y - the ring of the Four Planets (right hand) {rF+ rC+ MR+ Str+7 Dex-5}
   (You found it on level 4 of the Dungeon)

   [ring of protection from cold]

   It affects your strength (+7).
   It affects your dexterity (-5).
   It protects you from fire.
   It protects you from cold.
   It affects your resistance to hostile enchantments.
Scrolls
 f - 5 scrolls of remove curse {unknown}
 g - a scroll of fog {unknown}
 j - 6 scrolls of identify {unknown}
 l - a scroll of noise {unknown}
 n - 2 scrolls of blinking {unknown}
 o - 7 scrolls of teleportation {unknown}
 t - 2 scrolls of amnesia {unknown}
 w - a scroll of enchant weapon {unknown}
 A - a scroll of fear {unknown}
Potions
 b - a potion of flight {unknown}
 e - a potion of curing
 k - a potion of degeneration {unknown}
 m - a potion of mutation {unknown}
 p - 3 potions of might {unknown}
 r - a potion of lignification {unknown}
 z - 2 potions of brilliance {unknown}
 C - 2 potions of magic {unknown}
 D - 2 potions of heal wounds {unknown}
Comestibles
 c - 12 rations
 B - 5 chunks of flesh


   Skills:
 + Level 2.5 Fighting
 + Level 2.3 Dodging
 + Level 0.6 Stealth
 + Level 6.6 Unarmed Combat
 * Level 3.6 Spellcasting
 + Level 2.9 Transmutations
 + Level 1.0 Poison Magic


You had 3 spell levels left.
You knew the following spells:

 Your Spells              Type           Power        Failure   Level  Hunger
a - Beastly Appendage     Tmut           ##....       6%          1    #......
b - Sticks to Snakes      Tmut           ##......     10%         2    ##.....
I - Ice Form              Ice/Tmut       #.......     75%         4    #####..
S - Spider Form           Tmut/Pois      #.........   28%         3    ###....

Your spell library contained the following spells:

 Spells                   Type           Power        Failure   Level  Hunger
 Blade Hands              Tmut           ##........   87%         5    ######.


Dungeon Overview and Level Annotations

Branches:
Dungeon (5/15)              Sewer (visited)
 Temple: D:4-7

Altars:
Okawaru

Annotations:
D:4 2 transporters, Kono's ghost, amateur FoAK
D:5 Menkaure


Innate Abilities, Weirdness & Mutations

You can walk through water.
Your dull iron-grey scales are very hard. (AC +11)
You cannot fit into any form of body armour.
You can survive without breathing.
You are cold-blooded and may be slowed by cold attacks.
You have a pair of horns on your head.


Message History

The orc warrior is heavily wounded.
You swap places.
Your ball python bites the orc warrior but does no damage.
Your ball python grabs the orc warrior.
Your ball python constricts the orc warrior.
The orc warrior hits your ball python with a +0 long sword!!
Your ball python dies!
The orc warrior shouts!
Throwing (i - inventory. (/) - cycle)
h - 21 poisoned darts (quivered)
Press: ? - help, Shift-Dir - straight line, f - orc warrior
Aim: an orc warrior, wielding a +0 long sword and wearing a +0 plate armour (heavily wounded)
You throw a poisoned dart.
The poisoned dart closely misses the orc warrior.
The poisoned dart hits the orc.
The orc is poisoned.
You hear a splash.
Casting: Beastly Appendage (safe; 6% risk of failure)
Confirm with . or Enter, or press ? or * to list all spells.
You extend your transformation's duration.
The orc warrior hits you with a +0 long sword!
You die...

...........)....####
.......#####..#.##
##..### #≈##..# .# #
... #≈###.## .#.. .
#≈# #>.# .#.# .
#≈####.####.#.##..
#≈#...<...........
#(#...............
#o#............#
#o#..[........##
#@#...........#
###...........#
.............#
#............##
##...........#
#########...# #...#
#####


You could see an orc warrior and an orc (poisoned).

Vanquished Creatures
  Sigmund (D:2)
  An ogre (D:4)
  A hound (D:5)
  3 orc wizards
  An orc priest (D:5)
  An iguana (D:4)
  8 adders
  7 river rats (Sewer)
  An adder skeleton (D:5)
  11 orcs
  6 bats
  3 giant cockroaches
  7 goblins
  10 hobgoblins
  2 jackals (D:4)
  2 quokkas
  A ball python (Sewer)
  14 frilled lizards
  5 kobolds
  A leopard gecko skeleton (D:4)
  14 rats
100 creatures vanquished.

Vanquished Creatures (collateral kills)
  A centaur zombie (D:5)
  A hound (D:5)
  A river rat (Sewer)
  4 orcs
  2 jackals (D:4)
  A rat (Sewer)
10 creatures vanquished.

Grand Total: 110 creatures vanquished

Notes
Turn   | Place    | Note
-------+----------+-------------------------------------------
     0 | D:1      | bli the Draconian Transmuter began the quest for the Orb.
     0 | D:1      | Reached XP level 1. HP: 16/16 MP: 3/3
    59 | D:1      | Found an iron altar of Okawaru.
    70 | D:1      | Became a worshipper of Warmaster Okawaru
   163 | D:1      | Reached XP level 2. HP: 18/23 MP: 3/5
   173 | D:1      | Learned a level 2 spell: Sticks to Snakes
  1030 | D:2      | Reached skill level 4 in Unarmed Combat
  1229 | D:2      | Reached XP level 3. HP: 28/29 MP: 3/6
  1242 | D:2      | Noticed Sigmund
  1253 | D:2      | Killed Sigmund
  1253 | D:2      | Reached * piety under Okawaru
  1253 | D:2      | Reached skill level 5 in Unarmed Combat
  1253 | D:2      | Reached XP level 4. HP: 30/37 MP: 0/7
  1253 | D:2      | Reached XP level 5. HP: 34/42 MP: 0/8
  1716 | D:2      | Learned a level 3 spell: Spider Form
  2303 | D:3      | Reached skill level 6 in Unarmed Combat
  2895 | D:4      | Noticed an ogre
  2901 | D:4      | Reached XP level 6. HP: 45/50 MP: 3/9
  2909 | D:4      | Reached ** piety under Okawaru
  3121 | D:4      | Got a coiled wooden ring
  3390 | D:4      | Identified the ring of the Four Planets {rF+ rC+ MR+ Str+7
                  | Dex-5} (You found it on level 4 of the Dungeon)
  3455 | D:4      | Found a transporter.
  3457 | D:4      | Found a transporter.
  3458 | D:4      | Noticed Kono's ghost (amateur FoAK)
  3605 | D:5      | Entered Level 5 of the Dungeon
  3612 | D:5      | Reached skill level 1 in Poison Magic
  3623 | D:5      | Noticed Menkaure
  3659 | D:4      | Learned a level 4 spell: Ice Form
  3917 | D:5      | Found a glowing drain.
  3962 | Sewer    | Entered a sewer
  4085 | Sewer    | Your scales start taking on a dull iron-grey colour.
  4085 | Sewer    | Reached XP level 7. HP: 54/56 MP: 9/11
  4085 | Sewer    | Gained mutation: You can survive without breathing. [Grey
                  | Draconian growth]
  4754 | D:5      | Mangled by an orc warrior

Illustrated notes

Levels and vault maps discovered:
D:1:      nicolae_arrival_memento_mori, layout_loops_ring,
          okawaru_ov_weapons_minmay
D:2:      layout_loops_ring, uniq_sigmund
D:3:      layout_basic, chequers_mini_garden
D:4:      layout_rooms, gammafunk_ghost_smash
D:5:      layout_rooms, minmay_temple_entry_proselytizer, first_ration,
          portal_sewer_entry_d, eino_tiny_chamber, uniq_menkaure

Skill      XL: |  1  2  3  4  5  6 |
---------------+-------------------+-----
Unarmed Combat | 4 5 6 |  6.6
Fighting       | 2 |  2.5
Dodging        | 2 |  2.3
Poison Magic   | 1 |  1.0
Spellcasting   | 3 |  3.6
Stealth        | |  0.6
Transmutations | |  2.9

Action                   |  1- 3 |  4- 6 |  7- 9 || total
-------------------------+-------+-------+-------++-------
Melee: Unarmed           |    59 |   207 |    87 ||   353
       Headbutt          |     4 |     6 |     2 ||    12
       Tailslap          |     6 |    22 |     9 ||    37
       Kick              |     3 |     6 |     3 ||    12
       Punch             |       |     4 |     3 ||     7
Throw: Dart              |       |       |     1 ||     1
 Cast: Beastly Appendage |    13 |    25 |    11 ||    49
       Sticks to Snakes  |     3 |     8 |    10 ||    21
  Use: Potion            |     1 |       |       ||     1
 Stab: Distracted        |     1 |       |       ||     1
       Sleeping          |       |     1 |     1 ||     2
  Eat: Chunk             |     1 |     8 |     2 ||    11
       Ration            |       |     1 |       ||     1
Armor: Skin              |    16 |    72 |    32 ||   120
Dodge: Dodged            |    24 |   119 |    46 ||   189
